 Dungeon Crawl Stone Soup version 0.20-a0-351-gc9b4002 (webtiles) character file.

389 Faca the Shield-Bearer (level 7, -3/55 HPs)
             Began as a Formicid Fighter on Dec 25, 2016.
             Was a Follower of Trog.
             Slain by a two-headed ogre
             ... wielding a +0 giant club
              (18 damage)
             ... on level 4 of the Dungeon.
             The game lasted 00:07:00 (3008 turns).

Faca the Shield-Bearer (Formicid Fighter)           Turns: 3008, Time: 00:07:00

Health: -3/55      AC: 13    Str: 21    XL:     7   Next: 7%
Magic:  7/7        EV:  7    Int:  7    God:    Trog [*.....]
Gold:   124        SH: 11    Dex: 12    Spells: 6/6 levels left

rFire  . . .     SeeInvis +     a - +1 war axe
rCold  . . .     Gourm    .     q - +4 chain mail
rNeg   . . .     Faith    .     c - +1 shield
rPois  .         Spirit   .     (helmet unavailable)
rElec  .         Reflect  .     (no cloak)
rCorr  .         Harm     .     (no gloves)
MR     .....                    (no boots)
Stlth  ..........               (no amulet)
                                (no ring)
                                (no ring)

@: no status effects
A: permanent stasis, dig shafts and tunnels, four strong arms, antennae 3
a: Dig, Shaft Self, Burn Spellbooks, Renounce Religion


You were on level 4 of the Dungeon.
You worshipped Trog.
Trog was aware of your devotion.
You were not hungry.

You visited 1 branch of the dungeon, and saw 4 of its levels.

You collected 124 gold pieces.

Inventory:

Hand Weapons
 a - a +1 war axe (weapon)
Armour
 c - a +1 shield (worn)
 q - a +4 chain mail (worn)
Wands
 m - a wand of enslavement (11/24)
 r - a wand of iceblast (8/15)
Scrolls
 e - a scroll of enchant weapon
 l - a scroll of identify
Potions
 d - a potion of might
 i - 2 potions of curing
 j - 4 potions of lignification
 k - 3 potions of heal wounds
 p - a potion of cure mutation
Comestibles
 b - a chunk of flesh
 f - 3 bread rations
 g - 2 meat rations
 h - 2 slices of pizza
 n - a royal jelly
 o - a beef jerky


   Skills:
 + Level 4.7 Fighting
 + Level 3.6 Axes
 + Level 4.7 Armour
 + Level 2.3 Dodging
 + Level 4.9 Shields


You had 6 spell levels left.
You didn't know any spells.

Dungeon Overview and Level Annotations

Branches:
Dungeon (4/15)
 Temple: D:4-7

Altars:
Okawaru
Trog


Innate Abilities, Weirdness & Mutations

You cannot be hasted, slowed, berserked, paralysed or teleported.
You can dig through walls and to a lower floor.
Your four strong arms can wield two-handed weapons with a shield.
You have a pair of large antennae on your head. (SInv)


Message History

The two-headed ogre hits you with a giant club.
You hit the two-headed ogre but do no damage.
You hear the slow hiss of a distant avalanche of sand.
The two-headed ogre barely misses you.
The two-headed ogre hits you with a giant club!
Your shield and chain mail prevent you from hitting the two-headed ogre.
The two-headed ogre barely misses you. You block the two-headed ogre's attack.
You hit the two-headed ogre but do no damage.
The two-headed ogre hits you with a giant club!
The two-headed ogre closely misses you.
You hit the two-headed ogre.
The two-headed ogre is lightly wounded.
The two-headed ogre hits you with a giant club!
* * * LOW HITPOINT WARNING * * *
You block the two-headed ogre's attack.
You slash the two-headed ogre!
The two-headed ogre is moderately wounded.
The two-headed ogre barely misses you.
The two-headed ogre hits you with a giant club!!
You die...

#.........†....##
................###
.#................##
#..................
#.............#.###.
#...................
######...###..#.###
##### ##.# #?# #@#
## #.O....[.
#.#.###.# #..... #..
##. #... .. #### .


You could see a two-headed ogre.

Vanquished Creatures
  A scorpion (D:4)
  An orc wizard (D:3)
  3 orc priests (D:3)
  Terence (D:3)
  Ijyb (D:2)
  5 gnolls
  5 adders
  An ooze (D:1)
  A worm (D:3)
  2 dart slugs (D:3)
  A leopard gecko (D:3)
  5 orcs (D:3)
  2 ball pythons
  7 goblins
  4 hobgoblins
  6 jackals
  5 kobolds
  2 quokkas
  4 bats
  4 frilled lizards
  8 rats
69 creatures vanquished.

Notes
Turn   | Place    | Note
-------+----------+-------------------------------------------
     0 | D:1      | Faca the Formicid Fighter began the quest for the Orb.
     0 | D:1      | Reached XP level 1. HP: 18/18 MP: 1/1
    77 | D:1      | Reached XP level 2. HP: 22/24 MP: 2/2
   856 | D:1      | Reached XP level 3. HP: 27/29 MP: 3/3
  1050 | D:2      | Found a bloodstained altar of Trog.
  1068 | D:2      | Became a worshipper of Trog the Wrathful
  1256 | D:2      | Found an iron altar of Okawaru.
  1282 | D:2      | Noticed Ijyb
  1287 | D:2      | Killed Ijyb
  1287 | D:2      | Reached skill level 1 in Dodging
  1287 | D:2      | Reached XP level 4. HP: 35/35 MP: 4/4
  1713 | D:3      | Reached XP level 5. HP: 28/42 MP: 5/5
  1851 | D:3      | Found a faded altar of an unknown god.
  2299 | D:3      | Reached * piety under Trog
  2390 | D:3      | Noticed Terence
  2400 | D:3      | Killed Terence
  2400 | D:3      | Reached XP level 6. HP: 48/48 MP: 6/6
  2989 | D:4      | Reached XP level 7. HP: 52/55 MP: 7/7
  2998 | D:4      | Noticed a two-headed ogre
  3008 | D:4      | Slain by a two-headed ogre

Vault maps used:
D:1:      saegor_arrival_simple_d, st_stairs_6, item_on_display_a
D:2:      lemuel_crystal_altar, serial_forest, infiniplex_forest_end_1,
          infiniplex_forest_clump_small, infiniplex_forest_corner_1,
          infiniplex_forest_lined_room_2, infiniplex_forest_zigzag_1,
          infiniplex_forest_end_1, infiniplex_forest_clump_curved,
          infiniplex_forest_lined_1, okawaru_trees_2, uniq_iyjb
D:3:      chequers_ecumenical_altar_lobes, first_bread,
          kennysheep_generic_room_13, uniq_terence
D:4:      overflow_temple_1_default, kennysheep_mini_moat, enter_ossuary_5,
          minmay_surrounded, uniq_natasha, uniq_sigmund, uniq_duvessa

Skill      XL: |  1  2  3  4  5  6 |
---------------+-------------------+-----
Shields        | 4 |  4.9
Armour         | 4 |  4.7
Dodging        | 1 2 |  2.3
Axes           | 3 |  3.6
Fighting       | 4 |  4.7

Action                   |  1- 3 |  4- 6 |  7- 9 || total
-------------------------+-------+-------+-------++-------
Melee: War axe           |    91 |   176 |     6 ||   273
  Use: Scroll            |     6 |     4 |       ||    10
  Eat: Bread ration      |     1 |       |       ||     1
       Chunk             |       |     3 |       ||     3
Armor: Scale mail        |    42 |    48 |       ||    90
       Chain mail        |       |    24 |       ||    24
Dodge: Dodged            |    20 |    50 |     5 ||    75
Block: Shield            |    57 |   100 |     2 ||   159
